 Dungeon Sprint DCSS version 0.25.1-2-g60ff931df9 (webtiles) character file.

Game seed: 7401095446099305920

1856 Baz the Thaumaturge (level 8, -3/57 HPs)
             Began as a Grey Draconian Fire Elementalist on Oct 29, 2020.
             Was a Priest of Vehumet.
             Slain by a redback (9 damage)
             ... in the Dungeon (Sprint III: "The Ten Rune Challenge").
             The game lasted 00:09:49 (2000 turns).

Baz the Thaumaturge (DrFE)                          Turns: 2000, Time: 00:09:50

Health: -3/57      AC: 11    Str: 10    XL:     8   Next: 89%
Magic:  22/26      EV: 12    Int: 19    God:    Vehumet [***...]
Gold:   38         SH:  0    Dex: 13    Spells: 9/30 levels left

rFire    . . .     SeeInvis .   h - +2 dagger (elec)
rCold    . . .     Gourm    .   (no shield)
rNeg     . . .     Faith    .   (armour unavailable)
rPois    .         Spirit   .   (helmet restricted)
rElec    .         Reflect  .   (no cloak)
rCorr    .         Harm     .   (no gloves)
MR       .....     NoTele   +   (no boots)
Stlth    ++........             (no amulet)
HPRegen  0.19/turn              (no ring)
MPRegen  0.20/turn              (no ring)

@: lethally poisoned (-3 -> -66), hasted, very quick
A: walk through water, unfitting armour, antennae 1, fangs 1, agile 1, high mp
1, unbreathing, cold-blooded, AC +11
a: Renounce Religion


You were in the Dungeon.
You worshipped Vehumet.
Vehumet was most pleased with you.
You were hungry.

You visited 1 branch You collected 38 gold pieces.

Inventory:

Hand Weapons
 h - a +2 dagger of electrocution (weapon)
Scrolls
 i - a scroll of holy word
 k - 2 scrolls of remove curse
 m - a scroll of immolation
 n - a scroll of amnesia {unknown}
Potions
 a - 4 potions of mutation
 c - a potion of curing
 f - 2 potions of magic
 l - a potion of flight {unknown}
 o - a potion of invisibility {unknown}
Comestibles
 b - 4 rations


   Skills:
 - Level 1.7 Dodging
 - Level 1.7 Stealth
 * Level 11.7 Spellcasting
 - Level 8.4 Conjurations
 + Level 4.3 Necromancy
 - Level 9.3 Fire Magic
 * Level 10.0 Earth Magic


You had 9 spell levels left.
You knew the following spells:

 Your Spells              Type           Power        Failure   Level  Hunger
a - Foxfire               Conj/Fire      ####         1%          1    None
b - Conjure Flame         Conj/Fire      #####...     1%          3    None
c - Sticky Flame          Conj/Fire      #####...     1%          4    ##.....
d - Inner Flame           Hex/Fire       ####....     1%          3    None
e - Borgnjor's Vile Clut  Necr/Erth      #####.....   9%          5    ####...
f - Fireball              Conj/Fire      #####.....   1%          5    ####...

Your spell library contained the following spells:

 Spells                   Type           Power        Failure   Level  Hunger
 Olgreb's Toxic Radiance  Pois           ##......     16%         4    ##.....
 Animate Dead             Necr           N/A          11%         4    ##.....
 Recall                   Summ/Tloc      N/A          19%         3    None
 Death Channel            Necr           ####......   85%         6    ######.
 Simulacrum               Ice/Necr       ###.......   98%         6    ######.


Dungeon Overview and Level Annotations

Branches:
Dungeon (1/1)

Altars:
Dithmenos
Elyvilon
Kikubaaqudgha
Okawaru
Ru
Sif Muna
Trog
Uskayaw
Vehumet
Wu Jian
Yredelemnul
Zin
The Shining One
Beogh

Annotations:
D Erolcha


Innate Abilities, Weirdness & Mutations

You can walk through water.
Your dull iron-grey scales are very hard. (AC +11)
You cannot fit into any form of body armour.
You can survive without breathing.
You are cold-blooded and may be slowed by cold attacks.
You have a pair of small antennae on your head.
You have very sharp teeth.
You are agile. (Dex +2)
You have an increased reservoir of magic. (+10% MP)


Message History

Press: ? - help, Shift-Dir - straight line, f - redback
Aim: a redback The sticky flame hits the redback!
The redback is moderately wounded.
The redback is covered in liquid flames!
You feel sick.
The redback burns!
The redback bites you!
You are lethally poisoned!
The redback poisons you!
Unknown command.
You feel extremely sick. The redback barely misses you.
You feel very sick.
The redback burns!
You feel yourself speed up.
* * * LOW HITPOINT WARNING * * *
You feel very sick.
The redback burns!
The redback bites you!
* * * LOW HITPOINT WARNING * * *
The redback bites you!
You die...

##### _#__# .#._# ##'##
..[.# ....# ###)#
#...#+##############
#...#....#.#.#..@ss#
#...##.#..#.##.###.#
#...'##.#.#.##.#{.##
+...#.).#.)#..##.O'O^..^.
▓▓▓▓▓▓▓▓▓▓▓▓▓▓▓▓▓▓#......
{ { { ...... ..^.. .^...
####


You could see 2 redbacks.

Vanquished Creatures
  A deep elf mage (D)
  A shadow (D)
  A necrophage (D)
  5 two-headed ogres (D)
  A water elemental (D)
  A jelly (D)
  A wizard (D)
  A necromancer (D)
  3 humans (D)
  A kobold demonologist (D)
  An ooze (D)
  A phantom (D)
  3 rats (D)
21 creatures vanquished.

Vanquished Creatures (others)
  87 foxfires (D)
  2 plants (D)
89 creatures vanquished.

Grand Total: 110 creatures vanquished

Notes
Turn   | Place    | Note
-------+----------+-------------------------------------------
     0 | D        | Baz the Draconian Fire Elementalist began the quest for the
                  | Orb.
     0 | D        | Reached XP level 1. HP: 14/14 MP: 3/3
    66 | D        | Reached skill level 3 in Spellcasting
   287 | D        | Reached XP level 2. HP: 3/20 MP: 0/6
   586 | D        | Reached XP level 3. HP: 26/26 MP: 2/8
   657 | D        | Gained mutation: You have very sharp teeth. [potion of
                  | mutation]
   657 | D        | Gained mutation: You have a pair of small antennae on your
                  | head. [potion of mutation]
   657 | D        | Gained mutation: You have an increased reservoir of magic.
                  | (+10% MP) [potion of mutation]
   657 | D        | Gained mutation: You are agile. (Dex +2) [potion of
                  | mutation]
   704 | D        | Learned a level 3 spell: Conjure Flame
   789 | D        | Noticed a water elemental
   802 | D        | Killed a water elemental
   802 | D        | Reached skill level 4 in Spellcasting
   802 | D        | Reached skill level 5 in Conjurations
   802 | D        | Reached skill level 5 in Fire Magic
   802 | D        | Reached XP level 4. HP: 33/33 MP: 6/11
   846 | D        | Learned a level 4 spell: Sticky Flame
   850 | D        | Learned a level 3 spell: Inner Flame
   864 | D        | Found a radiant altar of Vehumet.
   871 | D        | Found a shimmering blue altar of Sif Muna.
   871 | D        | Noticed a wizard
   875 | D        | Killed a wizard
   875 | D        | Reached skill level 5 in Spellcasting
   887 | D        | Found an ancient bone altar of Kikubaaqudgha.
   945 | D        | Became a worshipper of Vehumet
  1003 | D        | Found a hide-covered altar of Uskayaw.
  1003 | D        | Found a roughly hewn altar of Beogh.
  1003 | D        | Found an iron altar of Okawaru.
  1003 | D        | Found a bloodstained altar of Trog.
  1003 | D        | Found an ornate altar of the Wu Jian Council.
  1003 | D        | Noticed a human
  1003 | D        | Noticed a human
  1025 | D        | Killed a human
  1025 | D        | Reached skill level 7 in Spellcasting
  1025 | D        | Reached XP level 5. HP: 19/38 MP: 8/16
  1025 | D        | Reached XP level 6. HP: 23/45 MP: 8/17
  1027 | D        | Killed a human
  1027 | D        | Reached skill level 8 in Spellcasting
  1172 | D        | Found a basalt altar of Yredelemnul.
  1172 | D        | Found a shadowy altar of Dithmenos.
  1172 | D        | Found a sacrificial altar of Ru.
  1175 | D        | Reached * piety under Vehumet
  1175 | D        | Offered knowledge of Freeze by Vehumet.
  1180 | D        | Reached skill level 9 in Spellcasting
  1180 | D        | Your scales start taking on a dull iron-grey colour.
  1180 | D        | Reached XP level 7. HP: 50/50 MP: 12/21
  1180 | D        | Gained mutation: You can survive without breathing. [Grey
                  | Draconian growth]
  1245 | D        | Learned a level 5 spell: Borgnjor's Vile Clutch
  1252 | D        | Found a glowing silver altar of Zin.
  1253 | D        | Found a glowing golden altar of the Shining One.
  1255 | D        | Found a white marble altar of Elyvilon.
  1255 | D        | Noticed a deep elf mage
  1260 | D        | Killed a deep elf mage
  1260 | D        | Reached skill level 10 in Spellcasting
  1365 | D        | Reached ** piety under Vehumet
  1365 | D        | Offered knowledge of Shock by Vehumet.
  1368 | D        | Noticed a shadow
  1383 | D        | Killed a shadow
  1383 | D        | Reached skill level 1 in Necromancy
  1383 | D        | Reached XP level 8. HP: 17/57 MP: 4/24
  1621 | D        | Learned a level 5 spell: Fireball
  1639 | D        | Offered knowledge of Ignite Poison by Vehumet.
  1641 | D        | Reached *** piety under Vehumet
  1641 | D        | Reached skill level 11 in Spellcasting
  1771 | D        | Noticed a two-headed ogre
  1906 | D        | Killed a two-headed ogre
  1933 | D        | Noticed a two-headed ogre
  1933 | D        | Noticed Erolcha
  1953 | D        | Killed a two-headed ogre
  1953 | D        | Offered knowledge of Olgreb's Toxic Radiance by Vehumet.
  1953 | D        | Reached skill level 10 in Earth Magic
  2000 | D        | Slain by a redback

Illustrated notes

Levels and vault maps discovered:
D:        dungeon_sprint_mu [sprint_mu_entry_forest, sprint_mu_temple_rooms,
          sprint_mu_d1_spiders, sprint_mu_d2_genie, sprint_mu_d3_branching,
          sprint_mu_orc_legion, sprint_mu_elf_gauntlet, sprint_mu_hive_nellie,
          sprint_mu_lair_fedhas, sprint_mu_vaults_butterflies,
          sprint_mu_slime_circle, sprint_mu_swamp_cave, sprint_mu_shoals_archi,
          sprint_mu_blade_basic, sprint_mu_crypt_chambers,
          sprint_mu_tomb_spiral, sprint_mu_vestibule_basic,
          sprint_mu_gehenna_hellfire, sprint_mu_dis_giant,
          sprint_mu_tartarus_statrot, sprint_mu_cocytus_islands, sprint_mu_zot1]

Skill      XL: |  1  2  3  4  5  6  7  8 |
---------------+-------------------------+-----
Spellcasting   | 3 4 7 9 10 11 | 11.7
Conjurations   | 3 5 7 8 |  8.4
Fire Magic     | 4 5 7 8 9 |  9.3
Earth Magic    | 7 10 | 10.0
Necromancy     | 1 4 |  4.3
Dodging        | |  1.7
Stealth        | |  1.7

Action                   |  1- 3 |  4- 6 |  7- 9 || total
-------------------------+-------+-------+-------++-------
Melee: Unarmed           |    21 |       |       ||    21
       Tailslap          |     4 |       |       ||     4
       Dagger            |       |       |     3 ||     3
 Cast: Foxfire           |    19 |    18 |    11 ||    48
       Conjure Flame     |     2 |     1 |     2 ||     5
       Sticky Flame      |       |     1 |    10 ||    11
       Fireball          |       |       |     3 ||     3
  Use: Potion            |     2 |       |     4 ||     6
       Scroll            |     3 |     1 |       ||     4
  Eat: Chunk             |       |     1 |     3 ||     4
Armor: Skin              |     6 |     1 |     5 ||    12
Dodge: Dodged            |     9 |     3 |    13 ||    25
